cohdb
Replays
Latest Replays
All Replays
Popular Replays
Top Player Replays
Match Explorer
How It Works
Community
CoH3 Stats
Reddit
Sign in to upload your games and track your stats! →
Sign in with Steam
Match 45816287
Unlisted
Match 45816287
Overview
Messages
Build Orders
End
Selects Airborne Battlegroup
Selects Heavy Machine Gun Paradrop
Heavy Machine Gun Paradrop
Scout Squad
Heavy Machine Gun Paradrop
Construct Barracks
Riflemen Squad
Heavy Machine Gun Paradrop
Riflemen Squad
Grenade Package
Riflemen Squad
Mechanized Support Center
Construct Medical Station
M1918 Browning Automatic Rifles
Selects Paratrooper Squad Paradrop
Selects Anti-tank Gun Team Paradrop
Anti-tank Gun Team Paradrop
Paratrooper Squad Paradrop
Riflemen Squad
B I G B I R A N
B I G PP B O Y
Yeknod
Cpt Darling
0
0
Comments
sign in to comment!
No comments posted yet!